 Dungeon Crawl Stone Soup version 0.30.1-3-gfc49f6343a (webtiles) character file.

Game seed: 2670927572096190467

150 cheesebisquit the Ruffian (level 5, 0/53 HPs)
             Began as a Troll Fighter on July 25, 2023.
             Slain by Grinder the tormentor (4 damage)
             ... on level 3 of the Dungeon.
             The game lasted 00:05:31 (2340 turns).

cheesebisquit the Ruffian (Troll Fighter)           Turns: 2340, Time: 00:05:32

Health: 0/53       AC:  4    Str: 24    XL:     5   Next: 10%
Magic:  4/4        EV:  8    Int:  6    God:
Gold:   180        SH:  8    Dex:  9    Spells: 4/4 levels left

rFire   . .          .
                       - Unarmed
rCold   . . .        b - +0 kite shield
rNeg    . . .        a - +0 robe
rPois   .            (helmet restricted)
rElec   .            (no cloak)
rCorr   .            (gloves unavailable)
SInv    .            (boots unavailable)
Will    .....        (no amulet)
Stlth   +            g - ring of wizardry
HPRegen 1.08/turn    (no ring)
MPRegen 0.09/turn

%: wizardry (x1)
@: mighty
A: large, unfitting armour, claws 3, regeneration 1, shaggy fur 1, tough skin 1
a: no special abilities


You were on level 3 of the Dungeon.
You visited 1 branch of the dungeon, and saw 4 of its levels.

You collected 180 gold pieces.

Inventory:

Armour
 a - a +0 robe (worn)
 b - a +0 kite shield (worn)
Jewellery
 g - a ring of wizardry (left claw)
 h - an amulet of faith
Wands
 o - a wand of polymorph (6) (quivered)
Scrolls
 d - 2 scrolls of poison
 e - a scroll of silence {unknown}
 f - a scroll of enchant armour {unknown}
 j - a scroll of fog {unknown}
 l - a scroll of teleportation {unknown}
 m - a scroll of noise {unknown}
 p - a scroll of identify
 q - a scroll of vulnerability {unknown}
Potions
 c - a potion of might
 i - 2 potions of magic
 k - a potion of flight {unknown}
 n - a potion of lignification {unknown}


   Skills:
 + Level 3.2 Fighting
 - Level 2.4 Dodging
 + Level 3.5 Shields
 * Level 4.0 Unarmed Combat


You had 4 spell levels left.
You didn't know any spells.
Your spell library contained the following spells:

 Spells                   Type           Power      Damage    Failure   Level
 Kiss of Death            Conj/Necr      0%         2d5       38%         1
 Sublimation of Blood     Necr           0%         N/A       52%         2
 Wereblood                Tmut           0%         N/A       52%         2
 Confusing Touch          Hex            0%         N/A       75%         3
 Ozocubu's Armour         Ice            0%         N/A       75%         3
 Dispel Undead            Necr           0%         3d6       98%         4
 Ozocubu's Refrigeration  Ice            0%         4d7       100%        7
 Summon Hydra             Summ           0%         N/A       100%        7


Dungeon Overview and Level Annotations

Branches:
Dungeon (4/15)
 Temple: D:4-7

Altars:
Dithmenos

Annotations:
D:3 Grinder


Innate Abilities, Weirdness & Mutations

You are too large for most types of armour.
You have claws for hands.
Your natural rate of healing is unusually fast.
You are covered in fur. (AC +1)
You have tough skin. (AC +1)


Message History

You kill the hobgoblin!
No other quiver actions available for cycling.
No other quiver actions available for cycling.
Grinder evaporates and reforms as a tormentor!
You scratch Grinder but do no damage. You block Grinder's attack.
Grinder hits you.
You closely miss Grinder. Grinder hits you but does no damage. x2
You closely miss Grinder. Grinder hits you.
You writhe in agony.
Grinder hits you.
You writhe in agony.
You block Grinder's attack. Grinder closely misses you.
You barely miss Grinder. You block Grinder's attack. Grinder hits you.
You writhe in agony.
You feel very mighty all of a sudden.
Grinder calls on the powers of darkness!
Your body is wracked with pain!
You closely miss Grinder. Grinder hits you.
* * * LOW HITPOINT WARNING * * *
Grinder hits you.
* * * LOW HITPOINT WARNING * * *
You writhe in agony.
* * * LOW HITPOINT WARNING * * *
You claw Grinder!
Grinder is moderately wounded.
Grinder barely misses you. Grinder hits you.
* * * LOW HITPOINT WARNING * * *
You writhe in agony!
* * * LOW HITPOINT WARNING * * *
Grinder calls on the powers of darkness!
You feel a surge of unholy energy.
The air fills with toxic fumes!
As you read the scroll labelled LIBLALLUNUNN, it crumbles to dust.
It was a scroll of poison.
Grinder calls on the powers of darkness!
Your body is wracked with pain!
* * * LOW HITPOINT WARNING * * *
As you read the scroll labelled QILYRO XIJY, it crumbles to dust.
It is a scroll of identify.
i - 2 potions of magic You block Grinder's attack.
Grinder hits you.
You die...

...###########....###.........#..
.............§§§§§§...........'..
....##########§§§§###.........###
###.# ###§§§§###........## # #
#)# #§§§§§§§##.#.....## # ###.#
#§§§§§§§##§##...## # ....#
#§§§§§§.§§......### # ...##
###§§§#§##§#......# # #.##
#§§@2§§§§#.#..#.# # #.#
#####§##§###§§...#.# # ..#
#..§§§...§##.....#.# # ###
#.###§##..§§.......# # #.#
#§###.##§#...###### #.#
#§###.##.##........ #.#
#§.......##########
#.#######.#### #.........#


You could see Grinder the tormentor.

Vanquished Creatures
  5 adders
  3 gnolls (D:2)
  4 dart slugs
  2 orcs
  5 ball pythons
  7 bats
  8 endoplasms
  4 giant cockroaches
  9 goblins
  2 hobgoblins
  3 jackals (D:1)
  3 kobolds
  2 quokkas
  4 frilled lizards
  3 rats (D:1)
64 creatures vanquished.

Notes
Turn   | Place    | Note
-------+----------+-------------------------------------------
     0 | D:1      | cheesebisquit the Troll Fighter began the quest for the
                  | Orb.
     0 | D:1      | Reached XP level 1. HP: 22/22 MP: 0/0
    96 | D:1      | Reached XP level 2. HP: 29/29 MP: 1/1
   483 | D:1      | Reached XP level 3. HP: 36/36 MP: 2/2
   822 | D:2      | Reached skill level 3 in Unarmed Combat
   954 | D:2      | Reached XP level 4. HP: 41/44 MP: 3/3
  1653 | D:3      | Found a faded altar of an unknown god.
  2133 | D:3      | Reached XP level 5. HP: 53/53 MP: 4/4
  2280 | D:3      | Found a shadowy altar of Dithmenos.
  2319 | D:4      | Noticed Grinder
  2322 | D:4      | Reached skill level 4 in Unarmed Combat
  2331 | D:3      | Grinder changed into Grinder the tormentor
  2331 | D:3      | Noticed Grinder
  2340 | D:3      | Slain by Grinder the tormentor

Illustrated notes

Levels and vault maps discovered:
D:1:      dpeg_arrival_fog, layout_loops_ring, minmay_stone_trees_medium
D:2:      layout_basic
D:3:      layout_loops_corners, mainiacjoe_overflow_alcove_2,
          chequers_ecumenical_altar_simple_redux, kennysheep_generic_room_11
D:4:      layout_rooms, uniq_blork_the_orc, uniq_menkaure, uniq_grinder

Skill      XL: |  1  2  3  4  5 |
---------------+----------------+-----
Shields        | 3 |  3.5
Unarmed Combat | 3 4 |  4.0
Fighting       | 3 |  3.2
Dodging        | |  2.4

Action                     |  1- 3 |  4- 6 || total
---------------------------+-------+-------++-------
  Melee: Unarmed           |    87 |   106 ||   193
  Evoke: Wand              |       |     1 ||     1
    Use: Scroll            |       |     2 ||     2
         Potion            |       |     1 ||     1
   Stab: Sleeping          |       |     1 ||     1
 Armour: Robe              |    19 |    39 ||    58
  Dodge: Dodged            |    27 |    39 ||    66
  Block: Kite shield       |    35 |    32 ||    67
